 Dungeon Crawl Stone Soup version 0.30-a0-920-g7493c07aab (webtiles) character file.

Game seed: 6790866766932865724

746 a11behringer the Cudgeller (level 7, 0/91 HPs)
             Began as a Pale Draconian Berserker on Mar 22, 2023.
             Was a Believer of Trog.
             Slain by an ice beast (4 damage)
             ... on level 6 of the Dungeon.
             The game lasted 00:11:02 (3989 turns).

a11behringer the Cudgeller (DrBe)                   Turns: 3989, Time: 00:11:02

Health: 0/91       AC:  8    Str: 22    XL:     7   Next: 48%
Magic:  7/7        EV: 13    Int:  7    God:    Trog [**....]
Gold:   548        SH:  0    Dex: 10    Spells: 6/6 levels left

rFire   . . .      SeeInvis .    a - +0 mace (protect)
rCold   . . .      Faith    .    (no shield)
rNeg    . . .      Spirit   .    (body armour unavailable)
rPois   .          Reflect  .    (helmet restricted)
rElec   .          Rampage  .    (no cloak)
rCorr   .                        q - +1 pair of gloves
Will    .....                    c - +0 pair of boots Stlth
                                 k - amulet of magic regeneration
HPRegen 0.35/turn                f - +4 ring of protection
MPRegen 0.50/turn                (no ring)

@: berserking, corroded, under a protective aura, very quick
A: breathe steam, AC +6, unfitting armour, cold-blooded, steam resistance
a: Breathe Steam, Renounce Religion, Berserk, Trog's Hand


You were on level 6 of the Dungeon.
You worshipped Trog.
Trog was pleased with you.
You visited 1 branch of the dungeon, and saw 6 of its levels.
You also visited: Ossuary.

You collected 548 gold pieces.

Inventory:

Hand Weapons
 a - a +0 mace of protection (weapon)
Missiles
 e - 2 throwing nets (quivered)
Armour
 c - a +0 pair of boots (worn)
 q - a +1 pair of gloves (worn)
Jewellery
 f - a +4 ring of protection (left hand)
 k - an amulet of magic regeneration (around neck)
Wands
 h - a wand of paralysis (8)
 s - a wand of mindburst (9)
 x - a wand of iceblast (4)
Scrolls
 b - 3 scrolls of immolation
 g - a scroll of fog {unknown}
 l - a scroll of poison
 o - 2 scrolls of teleportation {unknown}
 t - a scroll of vulnerability {unknown}
 u - a scroll of identify
 w - a scroll of enchant weapon {unknown}
Potions
 d - 6 potions of curing
 i - 3 potions of flight {unknown}
 j - a potion of invisibility {unknown}
 m - 3 potions of haste
 n - 3 potions of degeneration
 p - 6 potions of heal wounds
 r - 2 potions of resistance
 v - 2 potions of magic {unknown}


   Skills:
 + Level 5.3 Fighting
 * Level 6.3 Maces & Flails
 + Level 4.4 Dodging
 + Level 2.0 Stealth
 + Level 1.1 Evocations


You had 6 spell levels left.
You didn't know any spells.
Your spell library was empty.

Dungeon Overview and Level Annotations

Branches:
Dungeon (6/15)             Temple (0/1) D:5         Ossuary (visited)

Altars:
Ashenzari
Cheibriados
Qazlal
Vehumet
Yredelemnul

Shops:
D:6 (


Innate Abilities, Weirdness & Mutations

You can breathe blasts of scalding, opaque steam.
Your pale cyan-grey scales are hard. (AC +6)
You cannot fit into any form of body armour.
You are cold-blooded and may be slowed by cold attacks.
You are immune to the effects of steam.


Message History

The ice beast is lightly wounded.
The ice beast hits you. The ice beast freezes you.
You feel yourself slow down.
You barely miss the ice beast.
The ice beast is lightly wounded.
The ice beast misses you. The ice beast closely misses you.
You hit the ice beast but do no damage.
Your weapon exudes an aura of protection.
The ice beast is lightly wounded.
You feel yourself speed up. The ice beast closely misses you.
You hit the ice beast but do no damage.
The ice beast is lightly wounded.
The ice beast barely misses you. The ice beast misses you.
You hit the ice beast. Your punch misses the ice beast.
The ice beast is moderately wounded.
The ice beast hits you but does no damage.
You completely miss the ice beast.
The ice beast is moderately wounded.
The ice beast hits you but does no damage.
You barely miss the ice beast.
The ice beast is moderately wounded.
The ice beast hits you. The ice beast freezes you!
You feel yourself slow down.
* * * LOW HITPOINT WARNING * * *
You hit the ice beast but do no damage.
The ice beast is moderately wounded.
The ice beast closely misses you. The ice beast barely misses you.
You sock the ice beast!
The ice beast is severely wounded.
You feel yourself speed up.
The ice beast hits you but does no damage.
You barely miss the ice beast.
You tail-slap the ice beast, but do no damage.
The ice beast is severely wounded.
The ice beast hits you.
* * * LOW HITPOINT WARNING * * *
The ice beast freezes you!
* * * LOW HITPOINT WARNING * * *
A red film seems to cover your vision as you go berserk!
You feel yourself moving faster!
You feel mighty! The ice beast hits you.
You die...

........^...........#.##..
..........#.........#.##..
....................#.##..
..#.........<........#.###.
.....................#.###.
...#.................#.....
..$..#...##..........##....
.........##Y......... ##...
..........@......[...###...
..#.....##...............#
........∩###..............#
.......#..##.#######......#
...###.##.##..# ###.#...##
.. #..#..##.# ##.......# .
##..#.##.###........#
##...##......#.....#
#)..........#.#...#


You could see an ice beast.

Vanquished Creatures
  Sigmund (D:2)
  Duvessa (D:5)
  An ogre (D:6)
  A scorpion (D:5)
  Dowan (D:5)
  A jelly (D:6)
  Ijyb (D:3)
  8 mummies (Ossuary)
  4 adders
  A shadow imp (D:5)
  An ufetubus (D:6)
  A worm (D:3)
  2 dart slugs
  13 orcs
  7 endoplasms
  2 giant cockroaches
  3 goblins
  2 hobgoblins
  6 jackals
  A quokka (D:2)
  4 ball pythons
  5 bats (D:1)
  3 frilled lizards
  2 hobgoblin zombies (Ossuary)
  6 kobolds
  3 kobold zombies (Ossuary)
  3 orc zombies (Ossuary)
  6 rats
90 creatures vanquished.

Notes
Turn   | Place    | Note
-------+----------+-------------------------------------------
     0 | D:1      | a11behringer the Draconian Berserker began the quest for
                  | the Orb.
     0 | D:1      | Reached XP level 1. HP: 19/19 MP: 1/1
    93 | D:1      | Reached XP level 2. HP: 26/26 MP: 2/2
   140 | D:1      | Found a faded altar of an unknown god.
   689 | D:2      | Reached XP level 3. HP: 33/33 MP: 3/3
   928 | D:2      | Noticed Sigmund
   942 | D:2      | Killed Sigmund
   943 | D:2      | Reached skill level 5 in Maces & Flails
   943 | D:2      | Reached XP level 4. HP: 41/41 MP: 4/4
   943 | D:2      | Reached XP level 5. HP: 47/47 MP: 5/5
  1214 | D:3      | Reached ** piety under Trog
  1476 | D:3      | Noticed Ijyb
  1495 | D:3      | Killed Ijyb
  1496 | D:3      | Reached XP level 6. HP: 29/53 MP: 6/6
  1597 | D:3      | Found a basalt altar of Yredelemnul.
  2078 | D:4      | Found a sand-covered staircase.
  2090 | Ossuary  | Entered an ossuary
  2273 | Ossuary  | Reached skill level 1 in Stealth
  2615 | D:4      | Found a broken altar of Ashenzari.
  2618 | D:4      | Found a stormy altar of Qazlal.
  2618 | D:4      | Found a radiant altar of Vehumet.
  2618 | D:4      | Found a snail-covered altar of Cheibriados.
  2627 | D:4      | Reached *** piety under Trog
  3255 | D:5      | Entered Level 5 of the Dungeon
  3534 | D:5      | Noticed Dowan
  3537 | D:5      | Noticed Duvessa
  3547 | D:5      | Killed Duvessa
  3548 | D:5      | Reached skill level 5 in Fighting
  3548 | D:5      | Reached skill level 6 in Maces & Flails
  3548 | D:5      | Your scales start taking on a pale cyan-grey colour.
  3548 | D:5      | Reached XP level 7. HP: 61/61 MP: 7/7
  3548 | D:5      | Gained mutation: You are immune to the effects of steam.
                  | [Pale Draconian growth]
  3554 | D:5      | Killed Dowan
  3643 | D:5      | Found a staircase to the Ecumenical Temple.
  3943 | D:6      | Found Fivve's Weapon Boutique.
  3973 | D:6      | Reached skill level 1 in Evocations
  3988 | D:6      | HP: 2/61 [ice beast (9)]
  3989 | D:6      | Slain by an ice beast

Illustrated notes

Levels and vault maps discovered:
D:1:      dpeg_arrival_boxorama, layout_basic,
          dreamdust_ecumenical_altar_angels_and_demons
D:2:      minmay_skewed_foursquare, layout_rooms, corexii_shack,
          due_unseen_surprise, uniq_sigmund
D:3:      layout_loops_ring, amcnicky_altar_gilded, kennysheep_generic_room_6,
          uniq_ijyb
D:4:      layout_basic, grunt_temple_overflow_open, enter_ossuary_1
D:5:      layout_basic, minmay_temple_entry_nine_rooms, minmay_door_square,
          uniq_duvessa
D:6:      layout_rooms, lemuel_round_altar, nicolae_wu_jian_wuxing_cycle,
          serial_shops, shop, minmay_microvault

Skill      XL: |  1  2  3  4  5  6  7 |
---------------+----------------------+-----
Dodging        | 3 4 |  4.4
Fighting       | 4 5 |  5.3
Maces & Flails | 5 6 |  6.3
Stealth        | 1 2 |  2.0
Evocations     | 1 |  1.1

Action                     |  1- 3 |  4- 6 |  7- 9 || total
---------------------------+-------+-------+-------++-------
  Melee: Mace              |    88 |   194 |    54 ||   336
         Tailslap          |     5 |    30 |     8 ||    43
         Punch             |     1 |     3 |       ||     4
 Invoke: Berserk           |     1 |     1 |     1 ||     3
         Trog's Hand       |       |     1 |       ||     1
    Use: Scroll            |       |    13 |       ||    13
   Stab: Sleeping          |     1 |     2 |       ||     3
 Armour: Skin              |    40 |   103 |    28 ||   171
  Dodge: Dodged            |    73 |   138 |    42 ||   253

Table legend: (Time is in decaauts)
 A = Elapsed time spent in this place.
 B = Non-inter-level travel time spent in this place.
 C = Inter-level travel time spent in this place.
 D = Time resting spent in this place.
 E = Time spent auto-exploring this place.
 F = Levels seen in this place.
 G = Mean time per level.
                   A        B        C        D        E       F      G
               +--------+--------+--------+--------+--------+-----+--------+
         Total |   4058 |   3707 |    351 |      0 |   2939 |   7 |  579.7 |
       Dungeon |   3710 |   3359 |    351 |      0 |   2727 |   6 |  618.3 |
       Ossuary |    348 |    348 |      0 |      0 |    212 |   1 |  348.0 |
               +--------+--------+--------+--------+--------+-----+--------+

Top non-repeatable levels by time:
     D:4: 992 daAuts
     D:3: 745 daAuts
     D:2: 650 daAuts
     D:5: 609 daAuts
     D:1: 573 daAuts
 Ossuary: 348 daAuts
     D:6: 140 daAuts
